 Dungeon Crawl Stone Soup version 0.29-a0-617-g7a6b98fccd (webtiles) character file.

Game seed: 5251659672750974884

234 frimble the Ducker (level 6, -2/44 HPs)
             Began as a Gnoll Wanderer on June 17, 2022.
             Slain by a kobold brigand
             ... wielding a +0 short sword of flaming
              (3 damage)
             ... in a sewer.
             The game lasted 00:02:48 (2494 turns).

frimble the Ducker (Gnoll Wanderer)                 Turns: 2494, Time: 00:02:48

Health: -2/44      AC:  9    Str: 12    XL:     6   Next: 5%
Magic:  10/10      EV: 12    Int: 13    God:
Gold:   121        SH:  0    Dex: 11    Spells: 10/11 levels left

rFire   . . .      SeeInvis .   a - +2 battleaxe (flame)
rCold   . . .      Faith    .   (shield currently unavailable)
rNeg    . . .      Spirit   .   e - +0 ring mail
rPois   .          Reflect  .   (no helmet)
rElec   .          Harm     .   (no cloak)
rCorr   .          Rampage  .   f - +2 pair of gloves
Will    .....                   p - +0 pair of boots of Imperfection {+Inv}
Stlth   +.........              (no amulet)
HPRegen 0.14/turn               (no ring)
MPRegen 0.12/turn               (no ring)

@: no status effects
A: fangs 1, strong nose, distributed training
a: Evoke Invisibility


You were in a sewer.
You visited 1 branch of the dungeon, and saw 3 of its levels.
You also visited: Sewer.

You collected 121 gold pieces.

Inventory:

Hand Weapons
 a - a +2 battleaxe of flaming (weapon)
 b - a +0 hunting sling
Missiles
 h - 3 javelins
 o - a throwing net
Armour
 e - a +0 ring mail (worn)
 f - a +2 pair of gloves (worn)
 p - the +0 pair of boots of Imperfection (worn) {+Inv}
   (You found it on level 2 of the Dungeon)

   +Inv:      It lets you turn invisible.
Jewellery
 d - a ring of ice
Scrolls
 c - 2 scrolls of fog
 n - a scroll of fear
Potions
 j - a potion of magic
 k - a potion of curing


   Skills:
 + Level 1.7 Fighting
 + Level 1.7 Short Blades
 + Level 1.7 Long Blades
 + Level 1.7 Axes
 + Level 1.7 Maces & Flails
 + Level 1.7 Polearms
 + Level 6.7 Staves
 + Level 1.7 Slings
 + Level 1.7 Bows
 + Level 1.7 Crossbows
 + Level 1.7 Throwing
 + Level 3.1 Armour
 + Level 6.7 Dodging
 + Level 2.9 Stealth
 + Level 1.7 Shields
 + Level 1.7 Unarmed Combat
 + Level 3.3 Spellcasting
 + Level 1.3 Conjurations
 + Level 1.3 Hexes
 + Level 1.3 Summonings
 + Level 2.5 Necromancy
 + Level 1.3 Translocations
 + Level 1.3 Transmutations
 + Level 1.3 Fire Magic
 + Level 1.3 Ice Magic
 + Level 1.3 Air Magic
 + Level 1.3 Earth Magic
 + Level 1.3 Poison Magic
 + Level 2.0 Invocations
 + Level 1.7 Evocations


You had 10 spell levels left.
You knew the following spells:

 Your Spells              Type           Power      Damage    Failure   Level
a - Necrotize             Necr           32%        1d5       17%         1

Your spell library contained the following spells:

 Spells                   Type           Power      Damage    Failure   Level
 Vampiric Draining        Necr           8%         2d6       45%         3
 Olgreb's Toxic Radiance  Pois           5%         N/A       95%         4
 Ozocubu's Refrigeration  Ice            2%         4d5       100%        7
 Ignition                 Fire           2%         3d3       100%        8


Dungeon Overview and Level Annotations

Branches:
Dungeon (3/15)              Sewer (1/1)

Altars:
Elyvilon


Innate Abilities, Weirdness & Mutations

You have very sharp teeth.
Your uncanny sense of smell can sniff out nearby items.
Your experience applies equally to all skills.


Message History

The kobold hits you with a +0 short sword.
You barely miss the kobold brigand. You closely miss the kobold.
The kobold brigand barely misses you. The kobold hits you but does no damage.
You closely miss the kobold brigand. You slash the kobold! You burn the kobold.
You kill the kobold!
The kobold brigand hits you with a +0 short sword of flaming!
The kobold brigand burns you.
The kobold brigand hits you with a +0 short sword of flaming.
* * * LOW HITPOINT WARNING * * *
The kobold brigand burns you.
* * * LOW HITPOINT WARNING * * *
You slash the kobold brigand! You burn the kobold brigand.
The kobold brigand is heavily wounded.
The kobold brigand hits you but does no damage.
You slash the kobold brigand! You burn the kobold brigand.
The kobold brigand is almost dead.
The kobold brigand hits you with a +0 short sword of flaming.
* * * LOW HITPOINT WARNING * * *
The kobold brigand burns you.
* * * LOW HITPOINT WARNING * * *
The kobold brigand hits you but does no damage.
You barely miss the kobold brigand. Your bite misses the kobold brigand.
The kobold brigand is almost dead.
The kobold brigand hits you with a +0 short sword of flaming.
* * * LOW HITPOINT WARNING * * *
The kobold brigand burns you.
* * * LOW HITPOINT WARNING * * *
The kobold brigand barely misses you.
Casting: Necrotize (safe; 17% risk of failure)
Confirm with . or Enter, or press ? or * to list all spells.
Aiming: Necrotize (safe; 17% risk of failure)
Press: ? - help, Shift-Dir - straight line, f - kobold brigand
Aim: a kobold brigand, wielding a +0 short sword of flaming and quivering poisoned darts (almost dead, chance to affect: 59%)
Okay, then.
Unknown command.
You feel better.
The kobold brigand hits you with a +0 short sword of flaming.
* * * LOW HITPOINT WARNING * * *
The kobold brigand burns you.
You die...

########## ###.....##.#
...........### ####
...........)@#!...#####
...........)K)..).#.∩.#
.....P.≈≈≈†..'!.∩.#.∩.#
.......≈†≈≈≈.#....#...#
#########≈≈########'###
≈≈≈≈≈≈≈≈≈≈≈≈≈≈≈≈≈≈≈#
≈≈≈≈≈≈≈≈≈≈≈≈≈≈≈≈≈≈≈#
≈≈≈≈≈≈≈≈≈≈≈≈≈≈≈≈≈≈≈#
≈≈≈#################


You could see a kobold brigand.

Vanquished Creatures
  2 kobold brigands (Sewer)
  2 river rats (D:3)
  2 adders (D:2)
  A worm (D:3)
  A dart slug (D:1)
  6 bats
  3 endoplasms
  3 giant cockroaches
  A hobgoblin (D:1)
  3 jackals (D:1)
  7 kobolds
  4 quokkas
  2 ball pythons
  2 frilled lizards
  9 goblins
  7 rats
55 creatures vanquished.

Vanquished Creatures (others)
  2 plants (Sewer)
2 creatures vanquished.

Grand Total: 57 creatures vanquished

Notes
Turn   | Place    | Note
-------+----------+-------------------------------------------
     0 | D:1      | frimble the Gnoll Wanderer began the quest for the Orb.
     0 | D:1      | frimble set off with the following items: a +2
                  | quarterstaff, a +0 pair of gloves, a scroll of fog, a +0
                  | robe; and the following spell memorised: Necrotize; and the
                  | following spells available to memorise: Vampiric Draining.
     0 | D:1      | Reached XP level 1. HP: 13/13 MP: 4/4
   242 | D:1      | Reached XP level 2. HP: 14/19 MP: 5/5
   887 | D:1      | Reached XP level 3. HP: 25/25 MP: 7/7
  1446 | D:2      | Reached skill level 1 in Invocations
  1743 | D:2      | Reached skill level 1 in Fighting
  1743 | D:2      | Reached skill level 1 in Short Blades
  1743 | D:2      | Reached skill level 1 in Long Blades
  1743 | D:2      | Reached skill level 1 in Axes
  1743 | D:2      | Reached skill level 1 in Maces & Flails
  1743 | D:2      | Reached skill level 1 in Polearms
  1743 | D:2      | Reached skill level 1 in Slings
  1743 | D:2      | Reached skill level 1 in Bows
  1743 | D:2      | Reached skill level 1 in Crossbows
  1743 | D:2      | Reached skill level 1 in Throwing
  1743 | D:2      | Reached skill level 1 in Shields
  1743 | D:2      | Reached skill level 1 in Unarmed Combat
  1743 | D:2      | Reached skill level 1 in Evocations
  1749 | D:2      | Found a white marble altar of Elyvilon.
  1790 | D:2      | Found a faded altar of an unknown god.
  1894 | D:2      | Identified the +0 pair of boots of Imperfection {+Inv}
  1961 | D:2      | Reached XP level 4. HP: 29/32 MP: 8/8
  2215 | D:3      | Found a glowing drain.
  2244 | Sewer    | Entered a sewer
  2467 | Sewer    | Reached skill level 1 in Conjurations
  2467 | Sewer    | Reached skill level 1 in Hexes
  2467 | Sewer    | Reached skill level 1 in Summonings
  2467 | Sewer    | Reached skill level 1 in Translocations
  2467 | Sewer    | Reached skill level 1 in Transmutations
  2467 | Sewer    | Reached skill level 1 in Fire Magic
  2467 | Sewer    | Reached skill level 1 in Ice Magic
  2467 | Sewer    | Reached skill level 1 in Air Magic
  2467 | Sewer    | Reached skill level 1 in Earth Magic
  2467 | Sewer    | Reached skill level 1 in Poison Magic
  2478 | Sewer    | Noticed a kobold brigand
  2478 | Sewer    | Noticed a kobold brigand
  2478 | Sewer    | Noticed a kobold brigand
  2486 | Sewer    | Killed a kobold brigand
  2486 | Sewer    | Killed a kobold brigand
  2487 | Sewer    | Reached XP level 5. HP: 27/38 MP: 9/9
  2487 | Sewer    | Reached XP level 6. HP: 31/44 MP: 10/10
  2493 | Sewer    | HP: 2/44 [kobold brigand/+0 short sword of flaming (3)]
  2494 | Sewer    | Slain by a kobold brigand

Illustrated notes

Levels and vault maps discovered:
D:1:      dpeg_arrival_arbitrary_b, layout_basic
D:2:      layout_basic, ebering_ecumenical_altar_abandoned, basic_altar
D:3:      kennysheep_the_goblin_king, layout_basic,
          lemuel_zombie_altar_yredelemnul, portal_sewer_entry_a
Sewer:    kennysheep_pipe_town

Skill      XL: |  1  2  3  4 |
---------------+-------------+-----
Necromancy     | 2 |  2.5
Invocations    | 1 2 |  2.0
Fighting       | 1 |  1.7
Short Blades   | 1 |  1.7
Long Blades    | 1 |  1.7
Axes           | 1 |  1.7
Maces & Flails | 1 |  1.7
Polearms       | 1 |  1.7
Slings         | 1 |  1.7
Bows           | 1 |  1.7
Crossbows      | 1 |  1.7
Throwing       | 1 |  1.7
Shields        | 1 |  1.7
Unarmed Combat | 1 |  1.7
Evocations     | 1 |  1.7
Spellcasting   | 3 |  3.3
Conjurations   | 1 |  1.3
Hexes          | 1 |  1.3
Summonings     | 1 |  1.3
Translocations | 1 |  1.3
Transmutations | 1 |  1.3
Fire Magic     | 1 |  1.3
Ice Magic      | 1 |  1.3
Air Magic      | 1 |  1.3
Earth Magic    | 1 |  1.3
Poison Magic   | 1 |  1.3
Armour         | 3 |  3.1
Staves         | |  6.7
Dodging        | |  6.7
Stealth        | |  2.9

Action                   |  1- 3 |  4- 6 || total
-------------------------+-------+-------++-------
Melee: Quarterstaff      |     4 |       ||     4
       Battleaxe         |    89 |    57 ||   146
       Bite              |     7 |     2 ||     9
 Fire: Hunting sling     |     4 |       ||     4
 Cast: Necrotize         |     8 |       ||     8
  Use: Scroll            |     3 |     4 ||     7
       Potion            |       |     1 ||     1
 Stab: Sleeping          |     2 |       ||     2
Armor: Robe              |    11 |       ||    11
       Ring mail         |    24 |    60 ||    84
Dodge: Dodged            |    93 |    70 ||   163

Table legend: (Time is in decaauts)
 A = Elapsed time spent in this place.
 B = Non-inter-level travel time spent in this place.
 C = Inter-level travel time spent in this place.
 D = Time resting spent in this place.
 E = Time spent auto-exploring this place.
 F = Levels seen in this place.
 G = Mean time per level.
                   A        B        C        D        E       F      G
               +--------+--------+--------+--------+--------+-----+--------+
         Total |   2600 |   2566 |     34 |    195 |   1874 |   4 |  650.0 |
       Dungeon |   2323 |   2289 |     34 |      0 |   1854 |   3 |  774.3 |
         Sewer |    276 |    276 |      0 |    195 |     20 |   1 |  276.0 |
               +--------+--------+--------+--------+--------+-----+--------+

Top non-repeatable levels by time:
     D:1: 1341 daAuts
     D:2: 804 daAuts
   Sewer: 276 daAuts
     D:3: 177 daAuts
